 Dungeon Crawl Stone Soup version 0.31.0-1-g2c135a0 (webtiles) character file.

Game seed: 4313209337676346391

14 e90rm the Slasher (level 2, 0/24 HPs)
             Began as a Human Berserker on Apr 2, 2024.
             Was a Follower of Trog.
             Slain by a jackal (3 damage)
             ... on level 1 of the Dungeon.
             The game lasted 00:03:27 (544 turns).

e90rm the Slasher (Human Berserker)                  Turns: 544, Time: 00:03:27

Health: 0/24       AC:  2    Str: 17    XL:     2   Next: 41%
Magic:  2/2        EV: 12    Int:  7    God:    Trog [*.....]
Gold:   8          SH:  0    Dex: 12    Spells: 1/1 levels left

rFire   . . .        a - +0 falchion
rCold   . . .        (no shield)
rNeg    . . .        b - +0 animal skin
rPois   .            (no helmet)
rElec   .            (no cloak)
rCorr   .            (no gloves)
SInv    .            (no boots)
Will    .....        (no amulet)
Stlth   +            (no ring)
HPRegen 0.24/turn    (no ring)
MPRegen 0.08/turn

%: no passive effects
@: on berserk cooldown, slowed, very slow
A: explore regen
a: Renounce Religion, Berserk


You were on level 1 of the Dungeon.
You worshipped Trog.
Trog was aware of your devotion.
You visited 1 branch of the dungeon, and saw 1 of its levels.

You collected 8 gold pieces.

Inventory:

Hand Weapons
 a - a +0 falchion (weapon)
 c - a +0 club
 d - a +0 dagger
Missiles
 f - 13 stones (quivered)
Armour
 b - a +0 animal skin (worn)
Scrolls
 e - a scroll of identify {unknown}
 g - a scroll of poison {unknown}


   Skills:
 + Level 3.2 Fighting
 + Level 3.3 Long Blades
 + Level 2.0 Armour
 + Level 2.2 Dodging


You had one spell level left.
You didn't know any spells.
Your spell library was empty.

Dungeon Overview and Level Annotations

Branches:
Dungeon (1/15)

Altars:


Innate Abilities, Weirdness & Mutations

You regain HP and MP as you explore.


Message History

* * * LOW HITPOINT WARNING * * *
The jackal bites you but does no damage.
The jackal closely misses you.
You barely miss the jackal. The jackal closely misses you.
The jackal misses you. The jackal barely misses you. The jackal bites you.
* * * LOW HITPOINT WARNING * * *
The jackal attacks as it pursues you! The jackal barely misses you.
You slash the jackal!
You kill the jackal!
Trog accepts your kill. The jackal bites you.
* * * LOW HITPOINT WARNING * * *
The jackal closely misses you. The jackal attacks as it pursues you!
The jackal bites you.
* * * LOW HITPOINT WARNING * * *
The jackal bites you.
* * * LOW HITPOINT WARNING * * *
You hit the jackal.
The jackal is almost dead.
The jackal misses you. The jackal closely misses you.
You hit the jackal.
The jackal is moderately wounded.
The jackal bites you but does no damage.
The jackal closely misses you.
You are no longer berserk.
You are exhausted.
You feel yourself slow down. The jackal barely misses you.
You hit the jackal.
You kill the jackal!
Trog accepts your kill.
The jackal barely misses you. x2; The rat bites you.
* * * LOW HITPOINT WARNING * * *
The jackal bites you but does no damage.
You miss the jackal.
The jackal is almost dead.
The jackal misses you. The rat bites you.
* * * LOW HITPOINT WARNING * * *
The jackal bites you.
You die...

#...#...#≈≈~~....#
#.<.'.⌠.'~≈~..⌠..#
#...'.⌠.'≈~≈..⌠..#
#...#...#≈~~~....#
#####.###+#≈~≈...## ...+
+≈≈~....# #+###+##
+≈≈~....#####
≈≈≈≈≈≈≈#+#+#≈≈≈.........
≈≈≈≈≈≈≈≈≈≈≈≈≈≈~.@..##
≈≈≈≈≈≈≈≈≈≈≈≈≈≈~rh..#
~≈~~~≈~~~≈~≈~~~.†..#
...............†...#
................####
###.##..###..#...#
#.....###.#.....#
###..............#
####.....##.........#


You could see a jackal and a rat.

Vanquished Creatures
  2 ball pythons (D:1)
  2 goblins (D:1)
  3 jackals (D:1)
  2 quokkas (D:1)
  A frilled lizard (D:1)
  A kobold (D:1)
11 creatures vanquished.

Notes
Turn   | Place    | Note
-------+----------+-------------------------------------------
     0 | D:1      | e90rm the Human Berserker began the quest for the Orb.
     0 | D:1      | Reached XP level 1. HP: 18/18 MP: 1/1
   219 | D:1      | Reached XP level 2. HP: 21/24 MP: 2/2
   544 | D:1      | Slain by a jackal

Illustrated notes

Levels and vault maps discovered:
D:1:      dpeg_arrival_castle, layout_loops_corners, minmay_fountain_box,
          minmay_misc_feat_secret_circle

Action                     || total
---------------------------++-------
  Melee: Falchion          ||    49
         Punch             ||     1
 Invoke: Berserk           ||     2
 Armour: Animal skin       ||    58
  Dodge: Dodged            ||    86
